 Dungeon Crawl Stone Soup version 0.28-a0-852-gbbce81c95b (webtiles) character file.

Game seed: 9023732841848372484

35 Htamos the Sneak (level 3, 0/46 HPs)
             Began as a Naga Hedge Wizard on Nov 15, 2021.
             Slain by a hobgoblin (1 damage)
             ... on level 2 of the Dungeon.
             The game lasted 00:02:26 (1731 turns).

Htamos the Sneak (Naga Hedge Wizard)                Turns: 1731, Time: 00:02:27

Health: 0/46       AC:  2    Str: 13    XL:     3   Next: 35%
Magic:  1/7        EV:  9    Int: 14    God:
Gold:   51         SH:  0    Dex: 10    Spells: 7/8 levels left

rFire   . . .      SeeInvis +   a - +0 dagger
rCold   . . .      Faith    .   (no shield)
rNeg    . . .      Spirit   .   b - +0 robe
rPois   +          Reflect  .   c - +0 hat
rElec   .          Harm     .   (no cloak)
rCorr   .          Rampage  .   (no gloves)
Will    .....                   (no barding)
Stlth   ..........              (no amulet)
HPRegen 0.15/turn               (no ring)
MPRegen 0.10/turn               (no ring)

@: berserking, attractive, quick
A: AC +1, large, see invisible, deformed body, poison resistance, slowness 2,
spit poison 1, naga tail 1
a: Spit Poison


You were on level 2 of the Dungeon.
You visited 1 branch of the dungeon, and saw 2 of its levels.

You collected 51 gold pieces.

Inventory:

Hand Weapons
 a - a +0 dagger (weapon)
Armour
 b - a +0 robe (worn)
 c - a +0 hat (worn)
Jewellery
 e - a ring of protection from fire
Wands
 m - a wand of acid (2)
Scrolls
 f - a scroll of brand weapon {unknown}
 k - a scroll of immolation {unknown}
Potions
 h - a potion of brilliance {unknown}
 i - a potion of magic {unknown}
 j - a potion of resistance {unknown}
 l - a potion of mutation {unknown}


   Skills:
 * Level 1.0 Fighting
 + Level 0.4 Short Blades
 + Level 0.3 Armour
 + Level 1.7 Dodging
 + Level 3.3 Stealth
 + Level 3.1 Spellcasting
 + Level 1.3 Conjurations
 + Level 1.2 Summonings
 + Level 1.5 Translocations


You had 7 spell levels left.
You knew the following spells:

 Your Spells              Type           Power      Damage    Failure   Level
a - Magic Dart            Conj           20%        1d4       12%         1

Your spell library contained the following spells:

 Spells                   Type           Power      Damage    Failure   Level
 Blink                    Tloc           12%        N/A       17%         2
 Call Imp                 Summ           5%         N/A       19%         2
 Slow                     Hex            8%         N/A       22%         1
 Conjure Flame            Conj/Fire      4%         6-21      43%         3
 Mephitic Cloud           Conj/Pois/Air  3%         N/A       47%         3


Dungeon Overview and Level Annotations

Branches:
Dungeon (2/15)

Altars:


Innate Abilities, Weirdness & Mutations

Your serpentine skin is tough. (AC +1)
You have supernaturally acute eyesight. (SInv)
Armour fits poorly on your strangely shaped body.
Your system is resistant to poisons. (rPois)
You cover ground very slowly.
You can spit poison.
You have a snake-like lower body.


Message History

The hobgoblin shouts!
The goblin hits you but does no damage.
There is an open door here.
You see here 11 gold pieces.
Aiming: Corrosive Bolt
Press: ? - help, Shift-Dir - straight line, f - goblin
Aim: a goblin, wielding a +0 club (64% to hit)
The bolt of acid misses the goblin.
The goblin hits you with a +0 club.
* * * LOW HITPOINT WARNING * * *
Unknown command.
It was a potion of attraction.
You feel attractive to monsters. The goblin hits you but does no damage.
It was a potion of berserk rage.
A red film seems to cover your vision as you go berserk!
You feel yourself moving faster!
You feel mighty! The hobgoblin is attracted toward you.
Unknown command.
Unknown command.
Unknown command.
You are too berserk!
You closely miss the goblin. The goblin closely misses you.
The hobgoblin misses you.
You hit the goblin.
The goblin is heavily wounded.
The goblin hits you with a +0 club.
* * * LOW HITPOINT WARNING * * *
The hobgoblin hits you.
* * * LOW HITPOINT WARNING * * *
You puncture the goblin!
You kill the goblin!
Unknown command.
You are too berserk!
You hit the hobgoblin.
The hobgoblin is heavily wounded.
The hobgoblin closely misses you.
You barely miss the hobgoblin.
The hobgoblin is heavily wounded.
The hobgoblin hits you.
You die...

## #... .#.##.......#
##...... #
#..#.#.##.......#
##.....
#....#.#####.####
##...# #.#.##.#
##.....## ##'##
#......# #..###..#
#.#
###.######.##.##.###
#.# #.#
##...#...#...## ##.##
######.#
#..####g####..###...#
#......#
#.##@#...#.##.##.....
#.######
#.#$)g...)†)'..##...#
####.#
#.##$#...#.##..###.##
.....#
#..####'####.......##
######
##...#...#...####....
###.##.##.### ##.##
#..###..# #.#
##.....## #.# #######
#.#


You could see a hobgoblin.

Vanquished Creatures
  A bat (D:2)
  3 endoplasms
  2 giant cockroaches (D:2)
  12 goblins
  3 hobgoblins (D:2)
  A quokka (D:1)
  3 ball pythons
  A frilled lizard (D:2)
  2 kobolds (D:1)
  A rat (D:1)
29 creatures vanquished.

Notes
Turn   | Place    | Note
-------+----------+-------------------------------------------
     0 | D:1      | Htamos the Naga Hedge Wizard began the quest for the Orb.
     0 | D:1      | Reached XP level 1. HP: 15/15 MP: 4/4
   249 | D:1      | Reached XP level 2. HP: 24/24 MP: 1/6
  1497 | D:2      | Reached XP level 3. HP: 30/30 MP: 5/7
  1707 | D:2      | Reached skill level 1 in Fighting
  1728 | D:2      | HP: 2/46 [goblin (3)]
  1731 | D:2      | Slain by a hobgoblin

Illustrated notes

Levels and vault maps discovered:
D:1:      nzn_arrival_depleted_hourglass, layout_basic, minmay_misc_feat_roman,
          nrook_campfire
D:2:      cheibrodos_greedy_goblins, layout_loops_corners, uniq_sigmund

Skill      XL: |  1  2  3 |
---------------+----------+-----
Fighting       | 1 |  1.0
Short Blades   | |  0.4
Armour         | |  0.3
Dodging        | |  1.7
Stealth        | |  3.3
Spellcasting   | |  3.1
Conjurations   | |  1.3
Summonings     | |  1.2
Translocations | |  1.5

Action                   || total
-------------------------++-------
Melee: Dagger            ||    21
 Cast: Magic Dart        ||    48
Evoke: Wand              ||     3
  Use: Potion            ||     2
Armor: Robe              ||     8
Dodge: Dodged            ||     8

Table legend: (Time is in decaauts)
 A = Elapsed time spent in this place.
 B = Non-inter-level travel time spent in this place.
 C = Inter-level travel time spent in this place.
 D = Time resting spent in this place.
 E = Time spent auto-exploring this place.
 F = Levels seen in this place.
 G = Mean time per level.
                   A        B        C        D        E       F      G
               +--------+--------+--------+--------+--------+-----+--------+
         Total |   2162 |   2133 |     29 |      0 |   1968 |   2 | 1081.0 |
       Dungeon |   2162 |   2133 |     29 |      0 |   1968 |   2 | 1081.0 |
               +--------+--------+--------+--------+--------+-----+--------+

Top non-repeatable levels by time:
     D:1: 1084 daAuts
     D:2: 1078 daAuts
